 Dungeon Crawl Stone Soup version 0.18-a0-1774-gce1f7b6 (webtiles) character file.

60 namelastname112 the Sneak (level 4, 0/23 HPs)
             Began as a Vine Stalker Assassin on Apr 15, 2016.
             Slain by an orc
             ... wielding a +0 club
              (4 damage)
             ... on level 3 of the Dungeon.
             The game lasted 00:01:47 (1598 turns).

namelastname112 the Sneak (Vine Stalker Assassin)   Turns: 1598, Time: 00:01:47

Health: 0/23       AC:  3    Str: 13    XL:     4   Next: 6%
Magic:  0/5        EV: 12    Int: 11    God:
Gold:   242        SH:  0    Dex: 17    Spells: 0 memorised, 3 levels left

rFire  . . .     SeeInvis .     a - +2 dagger
rCold  . . .     Gourm    .     c - +0 robe
rNeg   . . .     Faith    .     (no shield)
rPois  .         Spirit   +     (no helmet)
rElec  .         Dismiss  .     d - +0 cloak
rCorr  .         Reflect  .     (no gloves)
SustAt .         Harm     .     (no boots)
MR     .....                    (no amulet)
Stlth  ++........               (no ring)
                                s - ring of loudness (curse)

@: not resistant to hostile enchantments, unstealthy
A: fangs 2, regeneration 1, magic shield, antimagic bite, no device heal 3, rot
immunity
a: no special abilities


You were on level 3 of the Dungeon.
You were very hungry.

You visited 1 branch of the dungeon, and saw 3 of its levels.

You collected 242 gold pieces.

Inventory:

Hand Weapons
 a - a +2 dagger (weapon)
 b - a +0 blowgun
Missiles
 e - 8 poisoned needles
 f - 2 curare-tipped needles
Armour
 c - a +0 robe (worn)
 d - a +0 cloak (worn)
Jewellery
 s - a cursed ring of loudness (left hand)
Scrolls
 i - a scroll of recharging {unknown}
 p - a scroll of amnesia {unknown}
 q - a scroll of enchant armour {unknown}
 t - a scroll of identify {unknown}
 v - a scroll of remove curse {unknown}
Potions
 h - 2 potions of curing {unknown}
 j - 2 potions of berserk rage {unknown}
 m - a potion of magic {unknown}
 n - a potion of brilliance {unknown}
 o - a potion of might {unknown}
 r - a potion of flight {unknown}
 u - a potion of cancellation {unknown}
Comestibles
 g - a bread ration
 k - a royal jelly
 l - 2 meat rations


   Skills:
 + Level 2.1 Fighting
 * Level 2.6 Short Blades
 + Level 2.0 Throwing
 + Level 1.1 Dodging
 * Level 5.5 Stealth


You had 3 spell levels left.
You didn't know any spells.

Dungeon Overview and Level Annotations

Branches:
Dungeon (3/15)

Altars:
Ashenzari
Ru


Innate Abilities, Weirdness & Mutations

You have extremely sharp teeth.
Your natural rate of healing is unusually fast.
When hurt, damage is shared between your health and your magic reserves.
Your bite disrupts and absorbs the magic of your enemies.
Potions and wands cannot restore your health.
You are immune to rotting.


Message History

The orc is moderately wounded.
The orc closely misses you. Something hits you.
The rat bites you but does no damage. The orc misses you.
You hit the orc. Your bite misses the orc.
The orc is heavily wounded.
The orc hits you but does no damage. Something hits you.
The rat barely misses you.
You closely miss the orc.
The orc is heavily wounded.
The orc wizard casts a spell.
The orc wizard flickers and vanishes!
The orc hits you. The orc hits you with a club.
You hit the orc.
You kill the orc!
Something hits you. The rat bites you but does no damage.
The orc hits you with a club.
* * * LOW HITPOINT WARNING * * *
You take 13 damage, and have 4/23 hp.
MASSIVE DAMAGE!!
You now have 1/5 mp.
The orc hits you with a club.
You die...

..# ..# ##..# .
.. ..%.# #. #.
#...#
..##.##o..#
.......{rS#
#.##.o#
#.##..#@.#
#........#
#####.##.# #>#
.# #.# .# #.#
.#
#.##########.#
..
##............#
##
.........######


You could see an adder, 2 orcs and a rat.

Vanquished Creatures
  2 adders (D:2)
  2 dart slugs (D:1)
  A giant gecko (D:1)
  An orc (D:3)
  7 bats
  A giant cockroach (D:2)
  5 goblins
  6 hobgoblins
  2 kobolds
  3 giant newts
  5 rats
35 creatures vanquished.

Notes
Turn   | Place    | Note
--------------------------------------------------------------
     0 | D:1      | namelastname112 the Vine Stalker Assassin began the quest for the Orb.
     0 | D:1      | Reached XP level 1. HP: 11/11 MP: 2/2
    16 | D:1      | You fall through a shaft!
    96 | D:1      | Found a shattered altar of Ashenzari.
   116 | D:1      | Reached skill level 5 in Stealth
   191 | D:1      | Reached XP level 2. HP: 13/15 MP: 3/3
   251 | D:1      | Reached skill level 1 in Dodging
   690 | D:2      | Reached XP level 3. HP: 18/18 MP: 4/4
   836 | D:2      | Found a faded altar to an unknown god.
   837 | D:2      | Found a sacrificial altar of Ru.
  1494 | D:3      | Reached XP level 4. HP: 23/23 MP: 5/5
  1598 | D:3      | Slain by an orc

Vault maps used:
D:1:      lemuel_arrival_lava_pool, st_stairs_3, evilmike_ruin_ashenzari
D:2:      nicolae_ru_awakened_eye, ecumenical_altar_1
D:3:      first_bread, uniq_robin

Skill      XL: |  1  2  3 |
---------------+----------+-----
Stealth        | 5 |  5.5
Dodging        | 1 |  1.1
Short Blades   | 2 |  2.6
Fighting       | 2 |  2.1
Throwing       | 2 |  2.0

Action                   |  1- 3 |  4- 6 || total
-------------------------+-------+-------++-------
Melee: Dagger            |    81 |    14 ||    95
       Bite              |    22 |     4 ||    26
 Stab: Sleeping          |    10 |     2 ||    12
  Eat: Chunk             |       |     1 ||     1
Armor: Robe              |    19 |     4 ||    23
Dodge: Dodged            |    36 |    13 ||    49
